 Dungeon Crawl Stone Soup version 0.22.0-6-g71bd7aa (webtiles) character file.

469 robertstho the Chopper (level 6, -2/55 HPs)
             Began as a Minotaur Berserker on Aug 14, 2018.
             Was a Priest of Trog.
             Slain by a killer bee (8 damage)
             ... on level 4 of the Dungeon.
             The game lasted 00:06:21 (2724 turns).

robertstho the Chopper (Minotaur Berserker)         Turns: 2724, Time: 00:06:21

Health: -2/55      AC:  4    Str: 23    XL:     6   Next: 82%
Magic:  5/5        EV: 13    Int:  4    God:    Trog [***...]
Gold:   142        SH:  0    Dex: 10    Spells: 5/5 levels left

rFire    . . .     SeeInvis .   a - +0 hand axe
rCold    . . .     Gourm    .   (no shield)
rNeg     . . .     Faith    .   b - +0 animal skin
rPois    .         Spirit   .   (helmet restricted)
rElec    .         Reflect  .   e - +0 cloak
rCorr    .         Harm     .   n - +0 pair of gloves
MR       ++...                  (no boots)
Stlth    ++........             (no amulet)
HPRegen  1.18/turn              (no ring)
MPRegen  0.09/turn              (no ring)

@: lethally poisoned (-2 -> -6), berserk cooldown, regenerating, slowed, very
slow
A: retaliatory headbutt, horns 2
a: Berserk, Trog's Hand, Renounce Religion


You were on level 4 of the Dungeon.
You worshipped Trog.
Trog was most pleased with you.
You were very hungry.

You visited 1 branch of the dungeon, and saw 4 of its levels.

You collected 142 gold pieces.

Inventory:

Hand Weapons
 a - a +0 hand axe (weapon)
Missiles
 q - 3 tomahawks (quivered)
Armour
 b - a +0 animal skin (worn)
 e - a +0 cloak (worn)
 n - a +0 pair of gloves (worn)
Scrolls
 d - 2 scrolls of fear {unknown}
 f - a scroll of enchant weapon {unknown}
 g - 5 scrolls of teleportation {unknown}
 h - 2 scrolls of remove curse {unknown}
 j - a scroll of fog {unknown}
 k - a scroll of enchant armour {unknown}
 l - a scroll of amnesia {unknown}
 m - 2 scrolls of identify {unknown}
Potions
 p - 2 potions of lignification
Comestibles
 c - 4 rations
 i - 2 chunks of flesh


   Skills:
 + Level 4.8 Fighting
 * Level 7.1 Axes
 * Level 3.7 Armour
 + Level 3.5 Dodging
 + Level 1.6 Stealth


You had 5 spell levels left.
You didn't know any spells.
Your spell library was empty.

Dungeon Overview and Level Annotations

Branches:
Dungeon (4/15)
 Temple: D:4-7

Altars:
Ashenzari
Dithmenos
Okawaru
Qazlal
Ru
The Shining One


Innate Abilities, Weirdness & Mutations

You reflexively headbutt those who attack you in melee.
You have a pair of horns on your head.


Message History

You feel sick.
You feel a strong urge to attack something.
* * * LOW HITPOINT WARNING * * *
You feel sick.
You are too berserk!
You are no longer berserk.
You are exhausted.
You feel yourself slow down.
* * * LOW HITPOINT WARNING * * *
You feel sick. The killer bee stings you.
* * * LOW HITPOINT WARNING * * *
You are more poisoned.
The killer bee poisons you!
Okay, then.
Your skin crawls.
You feel resistant to hostile enchantments.
You are feeling very hungry.
You feel very sick. The killer bee misses you. The killer bee stings you!
You die...

#...## #....##<..##...
###..###.##.##..''.⌠.+
##...#.##......##...
##....#####....##..
#########..#.## ####..##.
.....!....##..# ##....##
...............### #..##)†#
$.......#####........####.†
.......yyy@..##.#..## ###
..[.....####.##.... ######
........# .##.. ......
........# ... ......
........# >.. .##...
........# .. #### ........#
. ####### ## #########.


You could see 3 killer bees.

Vanquished Creatures
  An ogre (D:4)
  2 killer bees (D:4)
  A howler monkey (D:4)
  A hound (D:3)
  2 iguanas (D:4)
  An orc wizard (D:3)
  A worker ant (D:4)
  2 adders
  An ooze (D:4)
  3 worms
  4 dart slugs
  A leopard gecko (D:1)
  7 orcs
  2 ball pythons
  8 giant cockroaches
  6 goblins
  7 hobgoblins
  3 jackals (D:4)
  A quokka (D:2)
  12 bats
  8 frilled lizards
  6 kobolds
  A quokka skeleton (D:4)
  9 rats
90 creatures vanquished.

Notes
Turn   | Place    | Note
-------+----------+-------------------------------------------
     0 | D:1      | robertstho the Minotaur Berserker began the quest for the Orb.
     0 | D:1      | Reached XP level 1. HP: 19/19 MP: 0/0
    97 | D:1      | Reached skill level 4 in Axes
   154 | D:1      | Reached XP level 2. HP: 19/27 MP: 1/1
   824 | D:2      | Reached XP level 3. HP: 23/33 MP: 2/2
   826 | D:2      | Reached ** piety under Trog
  1046 | D:2      | Found a shattered altar of Ashenzari.
  1048 | D:2      | Found a stormy altar of Qazlal.
  1049 | D:2      | Found a sacrificial altar of Ru.
  1049 | D:2      | Found an iron altar of Okawaru.
  1049 | D:2      | Found a glowing golden altar of the Shining One.
  1049 | D:2      | Found a shadowy altar of Dithmenos.
  1407 | D:3      | Reached XP level 4. HP: 35/40 MP: 3/3
  1468 | D:3      | Reached skill level 5 in Axes
  1585 | D:3      | Reached *** piety under Trog
  1585 | D:3      | Reached skill level 1 in Stealth
  1585 | D:3      | Reached XP level 5. HP: 30/46 MP: 4/4
  2122 | D:4      | Reached skill level 6 in Axes
  2323 | D:4      | Noticed a phantom
  2520 | D:4      | Reached XP level 6. HP: 42/53 MP: 5/5
  2640 | D:4      | Reached skill level 7 in Axes
  2724 | D:4      | Slain by a killer bee

Skill      XL: |  1  2  3  4  5  6 |
---------------+-------------------+-----
Axes           | 4 5 6 7 |  7.1
Fighting       | 4 |  4.8
Dodging        | 3 |  3.5
Stealth        | 1 |  1.6
Armour         | 3 |  3.7

Action                   |  1- 3 |  4- 6 || total
-------------------------+-------+-------++-------
Melee: Hand axe          |    93 |   106 ||   199
       Headbutt          |    18 |    16 ||    34
Invok: Berserk           |       |     6 ||     6
       Trog's Hand       |       |     2 ||     2
  Use: Potion            |       |     5 ||     5
 Stab: Sleeping          |       |     1 ||     1
  Eat: Chunk             |     2 |     9 ||    11
Armor: Animal skin       |    24 |    25 ||    49
       Skin              |       |     1 ||     1
Dodge: Dodged            |    58 |    63 ||   121
